 Dungeon Crawl Stone Soup version 0.19.1-1-g22dce08 (webtiles) character file.

72 Kiturien the Stinger (level 4, 0/28 HPs)
             Began as an Octopode Venom Mage on Jan 15, 2017.
             Slain by Crazy Yiuf
             ... wielding a +3 quarterstaff of chaos
              (12 damage)
             ... on level 2 of the Dungeon.
             The game lasted 00:10:07 (1410 turns).

Kiturien the Stinger (Octopode Venom Mage)          Turns: 1410, Time: 00:10:08

Health: 0/28       AC:  1    Str:  8    XL:     4   Next: 26%
Magic:  2/7        EV: 13    Int: 17    God:
Gold:   74         SH:  0    Dex: 12    Spells: 1 memorised, 6 levels left

rFire  . . .     SeeInvis .     h - +1 hand axe
rCold  . . .     Gourm    .     (no shield)
rNeg   . . .     Faith    .     (helmet restricted)
rPois  .         Spirit   .     (no amulet)
rElec  .         Reflect  .     (no ring)
rCorr  .         Harm     .     (no ring)
MR     .....                    (no ring)
Stlth  +++.......               (no ring)
                                (no ring)
                                (no ring)
                                (no ring)
                                (no ring)

@: no status effects
A: almost no armour, stealthy swim, amphibious, 8 rings, constrict 8, tentacle
spike 1, camouflage 1, gelatinous body 1
a: no special abilities


You were on level 2 of the Dungeon.
You were not hungry.

You visited 1 branch of the dungeon, and saw 2 of its levels.

You collected 74 gold pieces.

Inventory:

Hand Weapons
 e - a +0 dagger
 h - a +1 hand axe (weapon)
Scrolls
 c - a scroll of fear {unknown}
 g - a scroll of teleportation
Potions
 d - a potion of flight {unknown}
 f - a potion of curing
 l - a potion of heal wounds {unknown}
Books
 a - a Young Poisoner's Handbook

   Spells                             Type                      Level
   a - Sting                          Conjuration/Poison           1
   b - Mephitic Cloud                 Conjuration/Poison/Air       3
   c - Olgreb's Toxic Radiance        Poison                       4
   d - Alistair's Intoxication        Transmutation/Poison         5
   e - Venom Bolt                     Conjuration/Poison           5
Comestibles
 b - 3 bread rations
 i - a meat ration
 j - 3 fruits


   Skills:
 * Level 1.3 Fighting
 - Level 0.4 Short Blades
 * Level 1.8 Axes
 + Level 2.2 Dodging
 + Level 3.1 Stealth
 * Level 1.3 Unarmed Combat
 + Level 2.2 Spellcasting
 + Level 5.0 Poison Magic


You had 6 spell levels left.
You knew the following spells:

 Your Spells              Type           Power        Failure   Level  Hunger
a - Sting                 Conj/Pois      ##..         10%         1    #......


Dungeon Overview and Level Annotations

Branches:
Dungeon (2/15)

Altars:
Fedhas
The Shining One

Annotations:
D:2 Crazy Yiuf


Innate Abilities, Weirdness & Mutations

You cannot wear most types of armour.
You are very stealthy in the water. (Stealth+)
You are amphibious.
You can wear up to eight rings at the same time.
You can use your tentacles to constrict eight enemies at once.
Your skin changes colour to match your surroundings (Stealth+).
Your rubbery body absorbs attacks. (AC +1, EV +1)
One of your tentacles bears a spike.


Message History

Casting: Sting
Confirm with . or Enter, or press ? or * to list all spells.
Aiming: Sting
Press: ? - help, Shift-Dir - straight line, f/p - Crazy Yiuf
Aim: Crazy Yiuf, wielding a quarterstaff of chaos and wearing a runed cloak (lightly wounded)
The sting hits Crazy Yiuf.
Crazy Yiuf is poisoned.
Crazy Yiuf is moderately wounded.
Crazy Yiuf closely misses you.
You hit Crazy Yiuf but do no damage. You grab Crazy Yiuf.
Crazy Yiuf is moderately wounded.
You constrict Crazy Yiuf, but do no damage.
Crazy Yiuf says, "Trifle!"
Crazy Yiuf hits you with a quarterstaff of chaos!
You feel your power leaking away.
You hit Crazy Yiuf but do no damage.
Crazy Yiuf is moderately wounded.
You constrict Crazy Yiuf, but do no damage.
Crazy Yiuf laughs, "Shower Orb Guardian verde!"
Crazy Yiuf hits you with a quarterstaff of chaos!
You die...

.# #...######### .#
##### .# .# ....> .##
.##... .. .# #.##. .#
#.##.######## .##
#.....#...#.### ###
..#.####.......#@g##...#
..#...........####.'...#
..#######.#..## ###..)#
..# #.#### ### ..# #.#
..# #.# ..# #####.# ###
#.....# #.#####


You could see Crazy Yiuf.

Vanquished Creatures
  Robin (D:2)
  An adder (D:2)
  An ooze (D:2)
  2 dart slugs (D:1)
  2 leopard geckos (D:1)
  3 bats
  10 goblins
  11 hobgoblins
  3 kobolds (D:2)
  A quokka (D:2)
  A frilled lizard (D:1)
  2 rats
38 creatures vanquished.

Notes
Turn   | Place    | Note
-------+----------+-------------------------------------------
     0 | D:1      | Kiturien the Octopode Venom Mage began the quest for the Orb.
     0 | D:1      | Reached XP level 1. HP: 11/11 MP: 3/3
    23 | D:1      | Reached skill level 5 in Poison Magic
   222 | D:1      | Reached XP level 2. HP: 9/18 MP: 5/5
   236 | D:1      | Reached skill level 1 in Unarmed Combat
   823 | D:2      | Gained mutation: One of your tentacles bears a spike. [potion of beneficial mutation]
   831 | D:2      | Reached XP level 3. HP: 22/22 MP: 6/6
   873 | D:2      | Found a glowing golden altar of the Shining One.
   913 | D:2      | Noticed Robin
   918 | D:2      | Reached skill level 1 in Fighting
   944 | D:2      | Reached skill level 1 in Axes
  1177 | D:2      | Killed Robin
  1310 | D:2      | Found a blossoming altar of Fedhas.
  1333 | D:2      | Reached XP level 4. HP: 28/28 MP: 5/7
  1399 | D:2      | Found a runed door.
  1403 | D:2      | Noticed Crazy Yiuf
  1410 | D:2      | Slain by Crazy Yiuf

Skill      XL: |  1  2  3 |
---------------+----------+-----
Poison Magic   | 5 |  5.0
Unarmed Combat | 1 |  1.3
Stealth        | 3 |  3.1
Fighting       | 1 |  1.3
Axes           | 1 |  1.8
Short Blades   | |  0.4
Dodging        | |  2.2
Spellcasting   | |  2.2

Action                   |  1- 3 |  4- 6 || total
-------------------------+-------+-------++-------
Melee: Unarmed           |    11 |       ||    11
       Dagger            |    27 |       ||    27
       Constrict         |    19 |     2 ||    21
       Tentacles         |     8 |     1 ||     9
       Hand axe          |    33 |    11 ||    44
       Punch             |     2 |       ||     2
       Kick              |     4 |     2 ||     6
 Cast: Sting             |    19 |     3 ||    22
  Use: Scroll            |     3 |       ||     3
       Potion            |     3 |       ||     3
 Stab: Sleeping          |     4 |     3 ||     7
  Eat: Fruit             |     2 |       ||     2
Armor: Skin              |    10 |       ||    10
Dodge: Dodged            |    67 |     4 ||    71
